 Dungeon Crawl Stone Soup version 0.16.1-4-g8e1b745 (webtiles) character file.

89586 inmateoo the Grappler (level 15, -29/145 HPs)
             Began as a Gargoyle Monk on Mar 26, 2015.
             Was the Champion of Zin.
             Killed from afar by Roxanne (47 damage)
             ... with a crystal spear
             ... on level 14 of the Dungeon.
             The game lasted 00:53:23 (26592 turns).

inmateoo the Grappler (Gargoyle Monk)              Turns: 26592, Time: 00:53:23

Health: -29/145    AC: 31    Str: 22    XL:     15   Next: 97%
Magic:  31/31      EV: 11    Int: 11    God:    Zin [******]
Gold:   2203       SH:  7    Dex: 16    Spells: 2 memorised, 2 levels left

rFire  . . .     SeeInvis .       - Unarmed
rCold  . . .     Clarity  +     a - +2 chain mail {rN+}
rNeg   + + +     SustAb   .     F - +0 buckler
rPois  ∞         Gourm    .     e - +2 hat
rElec  +         Spirit   .     v - +1 cloak {+Inv}
rCorr  .         Warding  .     (no gloves)
rMut   .         Stasis   .     n - +0 pair of boots
MR     ++++.                    c - amulet of the Four Winds {Clar rN+ MR+++}
Stlth  ..........               M - +3 ring of slaying
                                p - +2 ring of slaying

@: berserking (expiring), short of breath, very quick, incredibly resistant to
hostile enchantments, extremely unstealthy
A: able to fly continuously, big wings, negative energy resistance 1,
electricity resistance, unbreathing, petrification resistance, rot immunity, AC
+11
a: Fly, Recite, Vitalisation, Imprison, Sanctuary, Cure All Mutations, Renounce
Religion, Evoke Invisibility


You were on level 14 of the Dungeon.
You worshipped Zin.
Zin was exalted by your worship.
You were not hungry.

You visited 2 branches of the dungeon, and saw 22 of its levels.
You also visited: Labyrinth, Ossuary and Ice Cave.

You collected 2381 gold pieces.
You donated 178 gold pieces to Zin.

Inventory:

Armour
 a - a +2 chain mail of positive energy (worn)
 e - a +2 hat (worn)
 n - a +0 pair of boots (worn)
 v - a +1 cloak of invisibility (worn)
 F - a +0 buckler (worn)
Rods
 Y - a +9 iron rod (16/16)
   (You found it in a labyrinth)
Jewellery
 c - the amulet of the Four Winds (around neck) {Clar rN+ MR+++}
   (You found it in an ice cave)

   [amulet of clarity]

   It provides mental clarity.
   It protects you from negative energy.
   It affects your resistance to hostile enchantments.
 p - a +2 ring of slaying (left hand)
 w - an uncursed amulet of resist corrosion
 G - an uncursed amulet of rage {unknown}
 I - an uncursed amulet of regeneration
 K - an uncursed amulet of clarity {unknown}
 M - a +3 ring of slaying (right hand)
 Q - an uncursed amulet of resist mutation {unknown}
 X - an uncursed ring of protection from cold
Magical devices
 j - a wand of disintegration (13)
 k - a wand of teleportation (3)
 r - a wand of lightning (3)
 x - a wand of digging (11)
 y - a wand of invisibility (6)
 J - a wand of fire (1)
 S - a wand of flame (33)
 U - a wand of cold (9)
 V - a wand of paralysis (19)
Scrolls
 f - 6 scrolls of teleportation
 i - 4 scrolls of blinking
 o - 4 scrolls of fear
 t - 5 scrolls of remove curse
 E - a scroll of noise
 L - a scroll of magic mapping
 O - a scroll of recharging
 P - 3 scrolls of fog
 T - a scroll of amnesia
Potions
 d - 13 potions of curing
 g - 5 potions of poison {unknown}
 h - 4 potions of resistance
 q - a potion of flight
 z - 4 potions of brilliance
 A - a potion of haste
 B - 2 potions of magic
 C - a potion of beneficial mutation {unknown}
 D - 3 potions of restore abilities
Miscellaneous
 u - a plain deck of defence {drawn: 3}
 R - a plain deck of escape {drawn: 2}
Comestibles
 b - 11 bread rations
 l - 14 meat rations
 m - 29 fruits
 H - 23 royal jellies


   Skills:
 + Level 12.4 Fighting
 + Level 11.7 Armour
 + Level 5.6 Dodging
 - Level 2.3 Stealth
 - Level 10.0 Shields
 * Level 14.8 Unarmed Combat
 * Level 14.5 Invocations
 + Level 5.9 Evocations


You had 2 spell levels left.
You knew the following spells:

 Your Spells              Type           Power        Failure   Level  Hunger
a - Deflect Missiles      Chrm/Air       #.........   100%        6    #######
b - Haste                 Chrm           #.......     100%        6    #######


Dungeon Overview and Level Annotations

Branches:
Dungeon (14/15)            Temple (0/1) D:4            Lair (8/8) D:10
 Shoals (0/5) Lair:3       Spider (0/5) Lair:6        Slime (0/6) Lair:6
    Orc (0/4) D:11         Vaults (0/5) D:13

Altars:
Cheibriados
Dithmenos
Gozag
Makhleb
Ru
Trog
Xom
Yredelemnul
Zin
Jiyva

Shops:
D:9 (   D:11 (

Annotations:
D:14 exclusion: Roxanne, Roxanne


Innate Abilities, Weirdness & Mutations

You are resistant to torment.
You are immune to poison.
You can fly continuously.
Your stone body is very resilient (AC +11).
Your wings are large and strong.
You resist negative energy.
You are resistant to electric shocks.
You can survive without breathing.
You are immune to petrification.
You are immune to rotting.


Message History

* * * LOW HITPOINT WARNING * * *
You are too injured to fight recklessly!
Unknown command.
Drink which item? (? for menu, Esc to quit)
A red film seems to cover your vision as you go berserk!
You feel yourself moving faster!
You feel mighty!
You feel a strong urge to attack something.
You hit Roxanne.
Roxanne is severely damaged.
You hit Roxanne but do no damage.
Roxanne is severely damaged.
You hit Roxanne!
Roxanne is severely damaged.
You hit Roxanne!!
Roxanne is almost destroyed.
You hit Roxanne!
Roxanne is almost destroyed.
Roxanne casts a spell.
The crystal spear hits you!
You die...

####'#### #######
#.........
......########..........
......'...()('..........
......########..........
......# #......$...#
......# #..........#
......# #..........#
......# #.)@.......#
......# ##.8..###+##
......# #...## .=....#
##### ##...## ###..#
..........# ####>.....+
#......#


You could see Roxanne (dazed).

Vanquished Creatures
  The ghost of inmateoo the Bludgeoner, a powerful OgBe of Trog (D:13)
  A white draconian (IceCv)
  The ghost of 4thArraOfDagon the Cleaver, a powerful DDBe of Trog (Lair:6)
  A minotaur (Lab)
  A fire dragon (D:13)
  A vault guard (D:13)
  Fannar (Lair:3)
  8 hydras
  Erica (D:12)
  A centaur warrior (D:8)
  A tengu warrior (D:14)
  2 death yaks (IceCv)
  Nergalle (D:11)
  3 skeletal warriors (D:13)
  6 hill giants
  5 unseen horrors
  5 ugly things
  A manticore (D:13)
  A hornet (Lair:8)
  A wolf spider (Lair:8)
  A cyclops (D:11)
  3 griffons
  13 elephants
  Maurice (D:12)
  A guardian serpent (Lair:8)
  15 black mambas
  10 komodo dragons
  5 fire drakes
  19 spiny frogs
  A two-headed ogre (D:11)
  A troll (D:11)
  27 polar bears
  4 raiju (Lair:8)
  A snapping turtle (Lair:3)
  4 ravens (D:14)
  25 blink frogs
  A trapdoor spider zombie (D:10)
  A slime creature (D:12)
  A boulder beetle (Lair:7)
  5 basilisks
  3 wraiths
  2 wyverns (Lair:8)
  A shadow (D:14)
  5 vampire mosquitoes (D:13)
  A human (D:5)
  61 yaks
  8 hippogriffs
  A redback (Lair:8)
  Grum (D:13)
  25 wolves
  7 wargs (Lair:8)
  Edmund (D:7)
  A mottled dragon (D:12)
  Menkaure (D:7)
  13 porcupines
  2 hell hounds (Lair:8)
  A soldier ant (D:9)
  4 spiders (Lair:8)
  13 water moccasins
  7 ice beasts
  2 phantoms
  4 orc warriors
  7 necrophages
  13 black bears
  3 sky beasts
  An eye of draining (D:11)
  4 boring beetles
  7 ogres
  2 wasps
  10 crocodiles
  11 centaurs
  24 giant frogs
  5 big kobolds
  A brain worm (D:9)
  17 killer bees
  4 scorpions
  9 wights
  An electric eel (Lair:2)
  2 giant frog zombies (D:8)
  26 hounds
  19 crimson imps
  2 goliath beetles
  A centaur zombie (D:11)
  2 gnoll shamans
  4 jellies
  9 orc wizards
  2 quasits
  6 orc priests
  2 centaur skeletons
  A giant frog skeleton (D:5)
  A spectral orc (D:11)
  17 worker ants
  11 iguanas
  7 hell rats (Lair:4)
  13 sheep
  A hound skeleton (D:5)
  10 mummies
  Robin (D:3)
  29 adders
  2 worker ant zombies
  13 gnolls
  62 river rats
  2 shadow imps (D:10)
  A worm zombie (D:4)
  12 white imps (Lair:5)
  7 worms
  6 giant mites
  An adder zombie (D:7)
  4 giant geckos
  43 orcs
  6 ball pythons
  13 bats
  2 bat skeletons
  A bat zombie (D:7)
  9 giant cockroaches
  15 goblins
  14 hobgoblins
  19 jackals
  37 kobolds
  10 quokkas
  4 giant newts
  4 gnoll zombies
  2 hobgoblin zombies (Ossuary)
  A jackal skeleton (D:5)
  A kobold zombie (Ossuary)
  3 orc zombies
  A quokka zombie (D:9)
  13 rats
  A bush (D:1)
  2 butterflies
  4 plants
946 creatures vanquished.

Vanquished Creatures (others)
  A yak (D:13)
  A sky beast (D:13)
  An adder (Lair:8)
  A giant spore (D:13)
  A quokka (Lair:4)
  3 fungi
  2 pillars of salt (D:13)
  4 plants (Lair:8)
14 creatures vanquished.

Grand Total: 960 creatures vanquished

Notes
Turn   | Place    | Note
--------------------------------------------------------------
     0 | D:1      | inmateoo, the Gargoyle Monk, began the quest for the Orb.
     0 | D:1      | Reached XP level 1. HP: 14/14 MP: 1/1
   139 | D:1      | Reached XP level 2. HP: 19/19 MP: 2/2
  1009 | D:2      | Reached XP level 3. HP: 23/23 MP: 3/3
  1261 | D:2      | Reached skill level 1 in Armour
  1443 | D:2      | Reached XP level 4. HP: 25/28 MP: 4/4
  1562 | D:3      | Found a glowing silver altar of Zin.
  1563 | D:3      | Found a shadowy altar of Dithmenos.
  1564 | D:3      | Found a burning altar of Makhleb.
  1570 | D:3      | Became a worshipper of Zin the Law-Giver
  1570 | D:3      | Acquired Zin's first power
  1570 | D:3      | Acquired Zin's second power
  1835 | D:3      | Reached XP level 5. HP: 26/33 MP: 5/5
  1929 | D:3      | Reached skill level 5 in Unarmed Combat
  2214 | D:3      | Noticed Robin
  2252 | D:3      | Killed Robin
  2282 | D:3      | Acquired Zin's third power
  2435 | D:4      | Reached XP level 6. HP: 38/38 MP: 6/6
  2450 | D:4      | Noticed a phantom
  2502 | D:4      | Killed a phantom
  2502 | D:4      | Reached skill level 6 in Unarmed Combat
  2620 | D:4      | Found a staircase to the Ecumenical Temple.
  2661 | D:4      | Reached XP level 7. HP: 19/44 MP: 7/7
  2809 | D:4      | Found a sand-covered staircase.
  2838 | Ossuary  | Entered an ossuary
  3544 | Ossuary  | Acquired Zin's fourth power
  3757 | D:5      | Entered Level 5 of the Dungeon
  3808 | D:5      | Reached skill level 5 in Fighting
  3942 | D:5      | Found a runed door.
  3942 | D:5      | Noticed a human
  3955 | D:5      | Found a basalt altar of Yredelemnul.
  3994 | D:5      | Killed a human
  3994 | D:5      | Reached skill level 7 in Unarmed Combat
  4071 | D:5      | Found a shimmering altar of Xom.
  4114 | D:5      | Reached XP level 8. HP: 47/50 MP: 8/8
  4120 | D:5      | Reached skill level 1 in Invocations
  4207 | D:5      | Found a snail-covered altar of Cheibriados.
  4335 | D:5      | Paralysed by a crimson imp for 4 turns
  4504 | D:5      | Reached skill level 1 in Shields
  4573 | D:5      | Reached skill level 5 in Armour
  5066 | D:6      | Reached skill level 8 in Unarmed Combat
  5066 | D:6      | Reached XP level 9. HP: 38/55 MP: 16/16
  5762 | D:7      | Reached skill level 5 in Invocations
  5778 | D:7      | Noticed Menkaure
  5790 | D:7      | Killed Menkaure
  5890 | D:7      | Noticed Edmund
  5934 | D:7      | Killed Edmund
  6108 | D:7      | Found a sacrificial altar of Ru.
  6414 | D:7      | Reached skill level 9 in Unarmed Combat
  6551 | D:8      | Reached XP level 10. HP: 63/63 MP: 20/20
  7027 | D:8      | Noticed a centaur warrior
  7045 | D:8      | Killed a centaur warrior
  7444 | D:9      | Found a bloodstained altar of Trog.
  7463 | D:9      | Killed an unseen horror
  7463 | D:9      | Reached skill level 5 in Shields
  7576 | D:9      | Found Zuaf Zaa's Antique Weapon Shop.
  7798 | D:9      | Reached skill level 10 in Unarmed Combat
  8516 | D:9      | Noticed a hill giant
  8538 | D:9      | Killed a hill giant
  8538 | D:9      | Reached XP level 11. HP: 48/68 MP: 22/22
  8762 | D:10     | Entered Level 10 of the Dungeon
  8893 | D:10     | Found a staircase to the Lair.
  9047 | D:10     | Noticed a hill giant
  9080 | D:10     | Killed a hill giant
  9333 | D:10     | Noticed a hill giant
  9352 | D:10     | Killed a hill giant
  9623 | D:10     | Noticed a hill giant
  9631 | D:10     | Killed a hill giant
  9741 | D:10     | Killed an unseen horror
  9741 | D:10     | Reached skill level 11 in Unarmed Combat
 10053 | D:11     | Found a staircase to the Orcish Mines.
 10053 | D:11     | Noticed a hill giant
 10187 | D:11     | Killed a hill giant
 10295 | D:11     | Found Siegibui's Antique Weapon Shoppe.
 10379 | D:11     | Noticed Nergalle
 10448 | D:11     | Killed Nergalle
 10573 | D:11     | Reached XP level 12. HP: 67/76 MP: 25/25
 10617 | D:11     | Found an opulent altar of Gozag.
 10650 | D:11     | Reached skill level 10 in Invocations
 11440 | D:12     | Noticed Erica
 11455 | D:12     | Killed Erica
 12061 | Lair:1   | Entered Level 1 of the Lair of Beasts
 12090 | Lair:1   | Noticed a four-headed hydra
 12102 | Lair:1   | Killed a four-headed hydra
 12401 | Lair:1   | Noticed a six-headed hydra
 12416 | Lair:1   | Killed a six-headed hydra
 12619 | Lair:1   | Noticed a five-headed hydra
 12630 | Lair:1   | Killed a five-headed hydra
 12630 | Lair:1   | Reached skill level 12 in Unarmed Combat
 12664 | Lair:1   | HP: 2/76 [komodo dragon (20)]
 14028 | Lair:2   | Noticed an eight-headed hydra
 14037 | Lair:2   | Killed an eight-headed hydra
 14037 | Lair:2   | Reached XP level 13. HP: 33/82 MP: 27/27
 14315 | Lair:2   | Reached skill level 10 in Fighting
 14390 | Lair:2   | Noticed a four-headed hydra
 14405 | Lair:2   | Killed a four-headed hydra
 14801 | Lair:3   | Found a labyrinth entrance.
 14809 | Lab      | Entered a labyrinth
 14873 | Lab      | Noticed a minotaur
 14886 | Lab      | Killed a minotaur
 15266 | Lab      | Got a heavy robe
 15277 | Lab      | Identified the +0 robe of Dishonesty {rC+ MR++ Str+7 Stlth+} (You found it in a labyrinth)
 15685 | Lair:3   | Noticed Fannar
 15738 | Lair:3   | Killed Fannar
 16192 | Lair:3   | Found a staircase to the Shoals.
 16354 | Lair:4   | Learned a level 6 spell: Deflect Missiles
 16361 | Lair:4   | Learned a level 6 spell: Haste
 16421 | Lair:4   | Reached skill level 13 in Unarmed Combat
 16541 | Lair:4   | Reached skill level 10 in Armour
 16776 | Lair:4   | Reached skill level 1 in Evocations
 17635 | Lair:5   | Found a frozen archway.
 17660 | IceCv    | Entered an ice cave
 17700 | IceCv    | Gained mutation: Your wings are large and strong. [gargoyle growth]
 17700 | IceCv    | Reached XP level 14. HP: 60/90 MP: 29/29
 18245 | IceCv    | Noticed a white draconian
 18369 | IceCv    | HP: 1/90 [polar bear (4)]
 18642 | IceCv    | Killed a white draconian
 19371 | Lair:6   | Found a staircase to the Slime Pits.
 19372 | Lair:6   | Found a viscous altar of Jiyva.
 19535 | Lair:6   | Noticed 4thArraOfDagon's ghost (powerful DDBe)
 19578 | Lair:6   | Killed 4thArraOfDagon's ghost
 19626 | Lair:6   | Found a hole to the Spider Nest.
 21002 | Lair:7   | Reached skill level 10 in Shields
 21540 | Lair:8   | Entered Level 8 of the Lair of Beasts
 21682 | Lair:8   | Reached skill level 14 in Unarmed Combat
 21768 | Lair:8   | Reached XP level 15. HP: 71/96 MP: 31/31
 22594 | Lair:8   | Reached skill level 5 in Dodging
 23328 | Lair:8   | Reached skill level 5 in Evocations
 24423 | D:12     | Noticed Maurice
 24432 | D:12     | Killed Maurice
 25013 | D:13     | Noticed Grum
 25046 | D:13     | Killed Grum
 25611 | D:13     | Noticed inmateoo's ghost (powerful OgBe)
 25671 | D:13     | Killed inmateoo's ghost
 25877 | D:13     | Noticed a fire dragon
 25890 | D:13     | Killed a fire dragon
 25908 | D:13     | Noticed a vault guard
 26195 | D:13     | Killed a vault guard
 26212 | D:13     | Found a gate to the Vaults.
 26348 | D:14     | Noticed Nessos
 26552 | D:14     | Noticed Roxanne
 26592 | D:14     | Killed from afar by Roxanne

Action                   |  1- 3 |  4- 6 |  7- 9 | 10-12 | 13-15 || total
-------------------------+-------+-------+-------+-------+-------++-------
Melee: Unarmed           |   307 |   286 |   572 |  1109 |  2571 ||  4845
Invok: Vitalisation      |       |       |     2 |    13 |    10 ||    25
       Recite            |       |       |       |     7 |    16 ||    23
 Abil: Evoke Fog         |       |       |       |       |     1 ||     1
Evoke: Deck              |       |       |       |     5 |       ||     5
       Wand              |       |       |       |       |     4 ||     4
       Rod               |       |       |       |       |     5 ||     5
  Use: Scroll            |     1 |     2 |    16 |     6 |    14 ||    39
       Potion            |       |       |     5 |     3 |     4 ||    12
 Stab: Sleeping          |     2 |     2 |     5 |       |       ||     9
       Invisible         |       |       |    11 |       |     3 ||    14
       Distracted        |       |       |     1 |       |       ||     1
       Paralysed         |       |       |       |     3 |     1 ||     4
       Confused          |       |       |       |     3 |    12 ||    15
  Eat: Chunk             |     2 |     4 |    13 |    15 |    40 ||    74
       Pizza             |       |       |     1 |       |     2 ||     3
       Beef jerky        |       |       |       |     1 |     1 ||     2
       Bread ration      |       |       |       |     1 |       ||     1
       Fruit             |       |       |       |     1 |       ||     1
       Meat ration       |       |       |       |       |     2 ||     2
